 Dungeon Sprint DCSS version 0.32-a0-720-g1d96ad090f (webtiles) character file.

Game seed: 1755454171262685576

427 Conn the Firebug (level 6, 0/36 HPs)
             Began as an Octopode Fire Elementalist on Mar 16, 2024.
             Was an Initiate of Sif Muna.
             Slain by a polar bear (18 damage)
             ... in the Dungeon (Sprint II: "The Violet Keep of Menkaure").
             The game lasted 00:05:35 (390 turns).

Conn the Firebug (Octopode Fire Elementalist)        Turns: 390, Time: 00:05:36

Health: 0/36       AC:  1    Str:  6 (8)  XL:     6   Next: 97%
Magic:  1/16       EV: 13    Int: 18 (19) God:    Sif Muna [......]
Gold:   277        SH:  4    Dex: 12      Spells: 9/19 levels left

rFire   . . .        u - +0 dagger
rCold   . . .        e - +0 buckler
rNeg    . . .        (helmet restricted)
rPois   .            (no amulet)
rElec   .            (no ring)
rCorr   .            (no ring)
SInv    .            (no ring)
Will    .....        (no ring)
Stlth   ++++         (no ring)
HPRegen 0.26/turn    (no ring)
MPRegen 0.15/turn    (no ring)
                     (no ring)

%: no teleportation
@: no status effects
A: almost no armour, amphibious, 8 rings, camouflage 1, gelatinous body 1,
(nimble swimmer 1), tentacles
a: Renounce Religion


You were in the Dungeon.
You worshipped Sif Muna.
Sif Muna was noncommittal.
You visited 1 branch You collected 400 gold pieces.
You spent 123 gold pieces at shops.

Inventory:

Hand Weapons
 u - a +0 dagger (weapon)
Missiles
 t - 3 poisoned darts (quivered)
Armour
 e - a +0 buckler (worn)
Scrolls
 f - a scroll of blinking
 g - a scroll of revelation
 i - 2 scrolls of fog
 m - a scroll of torment
 n - a scroll of vulnerability
 q - a scroll of amnesia
 s - a scroll of fear
Potions
 a - 6 potions of magic
 b - 2 potions of curing
 c - a potion of heal wounds
 d - 2 potions of lignification
 h - 2 potions of enlightenment
 k - a potion of cancellation {unknown}
 l - 3 potions of degeneration
 o - 5 potions of resistance
 p - a potion of haste


   Skills:
 + Level 5.8 Dodging
 - Level 5.0 Stealth
 * Level 1.7 Shields
 * Level 7.3 Spellcasting
 * Level 6.9 Conjurations
 + Level 1.1 Hexes
 + Level 7.9 Fire Magic


You had 9 spell levels left.
You knew the following spells:

 Your Spells              Type           Power      Damage    Failure   Level
a - Foxfire               Conj/Fire      100%       2x1d9     1%          1
b - Scorch                Fire           70%        2d7       1%          2
c - Inner Flame           Hex/Fire       22%        N/A       9%          3
d - Flame Wave            Conj/Fire      33%        2d10      9%          4

Your spell library contained the following spells:

 Spells                   Type           Power      Damage    Failure   Level
 Volatile Blastmotes      Fire/Tloc      40%        2d13      11%         3


Dungeon Overview and Level Annotations

Branches:
Dungeon (1/1)

Altars:
Cheibriados
Dithmenos
Elyvilon
Fedhas
Gozag
Hepliaklqana
Kikubaaqudgha
Makhleb
Nemelex Xobeh
Okawaru
Qazlal
Ru
Sif Muna
Trog
Uskayaw
Vehumet
Wu Jian
Xom
Yredelemnul
Zin
The Shining One
Beogh
Jiyva
Lugonu

Shops:
D ?::[[=(![*(=!:=

Annotations:
D exclusion: oklob plant, Sonja


Innate Abilities, Weirdness & Mutations

You cannot wear most types of armour.
You are amphibious.
You can wear up to eight rings at the same time.
Your skin changes colour to match your surroundings (Stealth+).
Your rubbery body absorbs attacks. (AC +1, EV +1)
((You are camouflaged when in or above water. (Stealth+)))
You have tentacles for arms and can constrict up to eight enemies at once.


Message History

The polar bear is poisoned.
Flame seeps out of the polar bear.
The polar bear is engulfed in poison gas.
The polar bear looks even sicker.
The polar bear closely misses you. The polar bear barely misses you.
The polar bear claws you.
Casting: Scorch (safe; 1% risk of failure)
Confirm with . or Enter, or press ? or * to list all spells.
Flames lash the polar bear.
The polar bear is burned terribly!
The polar bear is moderately wounded.
Flame seeps out of the polar bear.
The polar bear is engulfed in poison gas.
The polar bear looks even sicker.
Flame seeps out of the polar bear.
The polar bear looks even sicker.
Unknown command.
Unknown command.
Casting: Scorch (safe; 1% risk of failure)
Confirm with . or Enter, or press ? or * to list all spells.
You don't have enough magic to cast this spell.
You open the door.
Flame seeps out of the polar bear.
The polar bear is engulfed in poison gas.
The polar bear looks even sicker.
Flame seeps out of the polar bear.
The polar bear goes berserk!
The polar bear is engulfed in poison gas.
The polar bear looks as sick as possible!
The polar bear goes berserk!
Unknown command.
Unknown command.
Unknown command.
Unknown command.
Unknown command.
You are engulfed in a cloud of scalding steam.
The polar bear is engulfed in poison gas.
The polar bear looks as sick as possible!
The polar bear is engulfed in poison gas.
The polar bear looks as sick as possible!
Flame seeps out of the polar bear.
The polar bear is engulfed in poison gas.
The polar bear looks as sick as possible!
Flame seeps out of the polar bear.
The polar bear bites you!!
Ouch! That really hurt!
You die...

,,,##.####,,+☼##.#[○▓.)...(..▓▓..
#*,,#....#,,*§..####▓.)...[..▓▓.$
.##*###..##**#☼.#*$#▓...%(...▓▓..
#+#**.##..#,,+○.#,y#▓)...[..[▓▓..
#†##$B.#..#,,#§☼#,c#▓))(..)[[▓▓$⌠
†<.+#**+..####§☼##h#▓...[....▓▓..
#.##.B.#....###.☼§##▓▓▓▓▓▓▓'▓▓▓▓+
#+#**.##...§.§~§hh§§○§§☼☼~~†.─Xw≈
.#.***#~~.§§§§☼#@########+###.≈w≈
z*zz#~~~~~§~§.~#.._.....#l~~##≈≈≈
.,.##~~~~~○~~.§#._._....#l~§≈####
#+##~§~§≈≈~~~~~#_._._...#§~~~≈#*,
~~~~~~~~≈§≈§~~~#._._._..#~~~≈≈≈*,
+*+++#~≈≈§§§≈§~#_._._._.#~~§~~≈+,
~~~~~##≈§§###≈§#._._._._#§§~§≈l*,
~~~~~~**~~*,#≈≈#_._._._.#~~~~~~*,
~~~~~~~+~~*+#≈§#..._._._#~~~~****


You could see 3 polar bears, a yaktaur and a hornet (inner flame).

Vanquished Creatures
  Menkaure (D)
  A crocodile (D)
  4 scorpions (D)
6 creatures vanquished.

Vanquished Creatures (others)
  17 foxfires (D)
  4 tentacles (D)
21 creatures vanquished.

Grand Total: 27 creatures vanquished

Notes
Turn   | Place    | Note
-------+----------+-------------------------------------------
     0 | D        | Conn the Octopode Fire Elementalist began the quest for the
                  | Orb.
     0 | D        | Reached XP level 1. HP: 11/11 MP: 3/3
     2 | D        | Noticed a boulder beetle
     2 | D        | Noticed a boulder beetle
     5 | D        | Noticed a weeping skull
     5 | D        | Noticed a weeping skull
     5 | D        | Noticed a weeping skull
     5 | D        | Noticed a weeping skull
     9 | D        | Noticed a neqoxec
    12 | D        | Noticed a scorpion
    12 | D        | Noticed a scorpion
    12 | D        | Noticed a scorpion
    12 | D        | Noticed a scorpion
    20 | D        | Killed a scorpion
    21 | D        | Reached XP level 2. HP: 17/17 MP: 0/6
    21 | D        | Reached XP level 3. HP: 21/21 MP: 0/8
    21 | D        | Reached XP level 4. HP: 27/27 MP: 0/9
    22 | D        | Killed a scorpion
    23 | D        | Reached skill level 5 in Stealth
    23 | D        | Reached XP level 5. HP: 31/31 MP: 0/11
    27 | D        | Reached skill level 5 in Spellcasting
    31 | D        | Reached skill level 5 in Conjurations
    31 | D        | Reached XP level 6. HP: 36/36 MP: 1/15
    41 | D        | Learned a level 2 spell: Scorch
    45 | D        | Learned a level 3 spell: Inner Flame
    50 | D        | Learned a level 4 spell: Flame Wave
    63 | D        | Found Hokigal's Distillery.
    63 | D        | Found Sookka's Jewellery Emporium.
    63 | D        | Found Irchimey's Jewellery Shoppe.
    63 | D        | Found Hih Moim's Book Shoppe.
    63 | D        | Found Wakkian's Antique Weapon Emporium.
    64 | D        | Found Kiohul's Antique Armour Shoppe.
    64 | D        | Found Baril's Distillery.
    64 | D        | Found Coorusoi's Weapon Shoppe.
    65 | D        | Found Ocebupaw's Jewellery Emporium.
    65 | D        | Found Feow's Antique Armour Shoppe.
    65 | D        | Noticed a manticore
    66 | D        | Found Joekoeki's General Store.
    66 | D        | Noticed a manticore
    67 | D        | Found Laofylub's Armour Shoppe.
    67 | D        | Found Coir's Book Emporium.
    67 | D        | Noticed Menkaure
    67 | D        | Noticed a manticore
    67 | D        | Noticed an oklob plant
    75 | D        | Killed Menkaure
    76 | D        | Reached skill level 5 in Dodging
    76 | D        | Found Asehaol's Magic Scroll Shoppe.
    76 | D        | Found Axosofon's Book Shoppe.
    82 | D        | Bought 2 potions of lignification for 60 gold pieces
    82 | D        | Noticed a black bear
    82 | D        | Noticed a black bear
    84 | D        | Noticed a black bear
    87 | D        | Bought a +0 buckler for 63 gold pieces
   136 | D        | Found a stormy altar of Qazlal.
   137 | D        | Found a hazy altar of Hepliaklqana.
   137 | D        | Found a sacrificial altar of Ru.
   137 | D        | Found an ornate altar of the Wu Jian Council.
   138 | D        | Found a roughly hewn altar of Beogh.
   138 | D        | Found a viscous altar of Jiyva.
   138 | D        | Found a shimmering blue altar of Sif Muna.
   138 | D        | Found a shimmering altar of Xom.
   139 | D        | Found a snail-covered altar of Cheibriados.
   139 | D        | Found an ancient bone altar of Kikubaaqudgha.
   139 | D        | Found a bloodstained altar of Trog.
   140 | D        | Found a shadowy altar of Dithmenos.
   140 | D        | Found a corrupted altar of Lugonu.
   141 | D        | Found a white marble altar of Elyvilon.
   141 | D        | Found a burning altar of Makhleb.
   142 | D        | Found a blossoming altar of Fedhas.
   144 | D        | Found an opulent altar of Gozag.
   144 | D        | Found a glowing golden altar of the Shining One.
   144 | D        | Found a basalt altar of Yredelemnul.
   144 | D        | Found a hide-covered altar of Uskayaw.
   144 | D        | Found a sparkling altar of Nemelex Xobeh.
   145 | D        | Found a glowing silver altar of Zin.
   145 | D        | Found a radiant altar of Vehumet.
   145 | D        | Found an iron altar of Okawaru.
   150 | D        | Became a worshipper of Sif Muna the Loreminder
   164 | D        | Noticed a kraken
   296 | D        | Noticed a glowing orange brain
   296 | D        | Noticed a purple draconian shifter
   296 | D        | Noticed a hellephant
   296 | D        | Noticed Sonja
   321 | D        | Reached skill level 1 in Shields
   321 | D        | Reached skill level 1 in Hexes
   380 | D        | Noticed a yaktaur
   380 | D        | Noticed a hornet
   380 | D        | Noticed a polar bear
   385 | D        | Noticed a polar bear
   386 | D        | Noticed a polar bear
   390 | D        | Slain by a polar bear

Illustrated notes

Levels and vault maps discovered:
D:        the_violet_keep_of_menkaure [sprint2_stairs_cluster_1,
          sprint2_shoproom, sprint2_temple, sprint2_basic_supplies,
          sprint2_obstacle_7, sprint2_obstacle_6, sprint2_obstacle_5,
          sprint2_obstacle_4, sprint2_obstacle_3, sprint2_timed_cluster_1,
          sprint2_smallroom_cluster_1, sprint2_smallroom_final_cluster_1,
          sprint2_transparent_cluster_1, sprint2_second_timed_cluster_1,
          sprint2_sniper_area_1, sprint2_heavy_combat_area_1,
          sprint2_mutation_trap_area_1, sprint2_forest_area_1,
          sprint2_light_combat_area_1, sprint2_behind_water_1,
          sprint2_near_end_vault_1]

Skill      XL: |  1  2  3  4  5  6 |
---------------+-------------------+-----
Dodging        | 3 4 5 |  5.8
Stealth        | 3 5 |  5.0
Spellcasting   | 3 4 6 7 |  7.3
Fire Magic     | 6 7 |  7.9
Conjurations   | 3 5 6 |  6.9
Shields        | 1 |  1.7
Hexes          | 1 |  1.1

Action                     |  1- 3 |  4- 6 || total
---------------------------+-------+-------++-------
  Melee: Unarmed           |     1 |    10 ||    11
         Constrict         |     1 |     5 ||     6
         Tentacles         |     1 |     3 ||     4
   Cast: Foxfire           |     3 |     6 ||     9
         Scorch            |       |     7 ||     7
         Inner Flame       |       |     2 ||     2
    Use: Potion            |     2 |     3 ||     5
         Scroll            |       |     8 ||     8
 Armour: Skin              |       |     8 ||     8
  Dodge: Dodged            |       |     4 ||     4

Table legend: (Time is in decaauts)
 A = Elapsed time spent in this place.
 B = Non-inter-level travel time spent in this place.
 C = Inter-level travel time spent in this place.
 D = Time resting spent in this place.
 E = Time spent auto-exploring this place.
 F = Levels seen in this place.
 G = Mean time per level.
                   A        B        C        D        E       F      G
               +--------+--------+--------+--------+--------+-----+--------+
         Total |    390 |    390 |      0 |     43 |      0 |   1 |  390.0 |
       Dungeon |    390 |    390 |      0 |     43 |      0 |   1 |  390.0 |
               +--------+--------+--------+--------+--------+-----+--------+

Top non-repeatable levels by time:
       D: 390 daAuts
